 Dungeon Crawl Stone Soup version 0.29-a0-819-g94b489e0ae (webtiles) character file.

Game seed: 10488291322507441790

2181 bande the Chopper (level 9, -4/54 HPs)
             Began as a Gargoyle Fighter on July 6, 2022.
             Was a Priest of Okawaru.
             Slain by a two-headed ogre
             ... wielding a +0 giant spiked club
              (12 damage)
             ... on level 8 of the Dungeon.
             The game lasted 00:11:20 (7640 turns).

bande the Chopper (Gargoyle Fighter)                Turns: 7640, Time: 00:11:20

Health: -4/54      AC: 21    Str: 25    XL:     9   Next: 33%
Magic:  12/12      EV:  8    Int: 13    God:    Okawaru [***...]
Gold:   369        SH:  5    Dex: 13    Spells: 8/8 levels left

rFire   . . .      SeeInvis .   a - +1 war axe
rCold   . . .      Faith    +   c - +0 buckler
rNeg    + . .      Spirit   .   x - +1 chain mail {rPois}
rPois   ∞          Reflect  .   l - +1 helmet {Int+3}
rElec   +          Harm     .   (no cloak)
rCorr   .          Rampage  .   (no gloves)
Will    .....                   t - +0 pair of boots
Stlth   ..........              e - amulet of faith
HPRegen 0.18/turn               o - +4 ring of slaying
MPRegen 0.13/turn               p - ring "Cocwof" {Str+6 Slay+5}

@: no status effects
A: sickness immunity, AC +6, negative energy resistance 1, electricity
resistance, torment resistance 1, petrification resistance
a: Renounce Religion, Heroism


You were on level 8 of the Dungeon.
You worshipped Okawaru.
Okawaru was most pleased with you.
You visited 2 branches of the dungeon, and saw 9 of its levels.

You collected 369 gold pieces.

Inventory:

Hand Weapons
 a - a +1 war axe (weapon)
 b - a +0 morningstar
 C - a +0 broad axe
Armour
 c - a +0 buckler (worn)
 i - an orb of light
 l - a +1 helmet of intelligence (worn)
 t - a +0 pair of boots (worn)
 x - a +1 chain mail of poison resistance (worn)
Jewellery
 d - a ring of fire
 e - an amulet of faith (around neck)
 g - a ring of ice
 o - a +4 ring of slaying (left hand)
 p - the ring "Cocwof" (right hand) {Str+6 Slay+5}
   (You acquired it on level 3 of the Dungeon)

   [ring of strength]

   Str:       It affects your strength (+6).
   Slay:      It affects your accuracy & damage with ranged weapons and melee
   (+5).
 s - a ring of protection from cold
 u - a +6 ring of strength
Wands
 B - a wand of digging (5)
Scrolls
 n - 6 scrolls of teleportation
 v - a scroll of blinking
 w - a scroll of enchant weapon
 y - a scroll of enchant armour
 A - a scroll of identify
Potions
 f - a potion of heal wounds
 h - a potion of berserk rage
 k - a potion of flight
 m - 2 potions of curing
 q - a potion of resistance


   Skills:
 + Level 5.5 Fighting
 + Level 7.4 Axes
 + Level 6.5 Armour
 + Level 5.2 Shields
 * Level 4.8 Invocations
 * Level 1.3 Evocations


You had 8 spell levels left.
You didn't know any spells.
Your spell library contained the following spells:

 Spells                   Type           Power      Damage    Failure   Level
 Apportation              Tloc           0%         N/A       93%         1
 Freeze                   Ice            0%         1d3       93%         1
 Magic Dart               Conj           0%         1d3       93%         1
 Static Discharge         Conj/Air       0%         3-3/arc   98%         2
 Frozen Ramparts          Ice            0%         1d2       100%        3
 Hailstorm                Conj/Ice       0%         3d3       100%        4
 Alistair's Intoxication  Tmut/Pois      0%         N/A       100%        5
 Conjure Ball Lightning   Conj/Air       0%         3x3d6     100%        6
 Iron Shot                Conj/Erth      0%         9d1       100%        6
 Summon Small Mammal      Summ           Unusable   N/A       N/A         1
 Call Canine Familiar     Summ           Unusable   N/A       N/A         3
 Summon Guardian Golem    Hex/Summ       Unusable   N/A       N/A         3

Dungeon Overview and Level Annotations

Branches:
Dungeon (8/15)             Temple (1/1) D:4
   Lair: D:8-11

Altars:
Cheibriados
Dithmenos
Fedhas
Hepliaklqana
Kikubaaqudgha
Makhleb
Nemelex Xobeh
Okawaru
Ru
Sif Muna
Trog
Uskayaw
Wu Jian
Xom
The Shining One


Innate Abilities, Weirdness & Mutations

You are immune to sickness and miasma.
Your stone body is resilient. (AC +6)
You are immune to poison.
You resist negative energy. (rN+)
You are resistant to electric shocks. (rElec)
You are resistant to unholy torment.
You are immune to petrification.


Message History

The hornet closely misses you.
You see here a +0 broad axe.
You barely miss the hornet. The hornet barely misses you.
You slash the hornet!
The hornet is heavily wounded.
The hornet stings you. x2
You slash the hornet!
The hornet is severely wounded.
The hornet stings you.
The hornet stings you but does no damage.
You slash the hornet!
You kill the hornet!
Okawaru accepts your kill.
You see here a +0 broad axe.
C - a +0 broad axe You drop a +0 war axe.
You drop a +3 vorpal hand axe.
As you read the scroll labelled JAFEEJ EBIZA, it crumbles to dust.
You feel aware of your surroundings.
You sensed 1 altar.
It was a scroll of magic mapping.
As you read the scroll of identify, it crumbles to dust.
q - a potion of resistance HP restored.
A two-headed ogre comes into view.
It is wielding a +0 giant spiked club and a +0 giant club.
The two-headed ogre shouts in stereo!
You hit the two-headed ogre.
The two-headed ogre is lightly wounded.
The two-headed ogre hits you with a +0 giant spiked club!!
You block the two-headed ogre's attack.
You slash the two-headed ogre!
The two-headed ogre is lightly wounded.
The two-headed ogre hits you with a +0 giant spiked club!!
* * * LOW HITPOINT WARNING * * *
You block the two-headed ogre's attack.
You hit the two-headed ogre but do no damage.
The two-headed ogre is lightly wounded.
You slash the two-headed ogre!
The two-headed ogre is moderately wounded.
The two-headed ogre hits you with a +0 giant spiked club!
You die...

*#### #####*...####*****
#...#*.......,,,,,
#########@O.##...#*******,
#)............#.#****** *,
#.#####..............,* *,
#.#####.......#.###.#,* *,
#.....###...###.# *,*,* *,
####...##...# *,# *,*,* *,
#...#.....## *,***,*,***,
#.#..!##### *,,,,,,,,,,,
#.##.#########.*,***,****


You could see a two-headed ogre.

Vanquished Creatures
  A hornet (D:8)
  An acid dragon (D:7)
  Duvessa (D:6)
  A black bear (D:5)
  A sky beast (D:7)
  3 ogres
  A phantom (D:5)
  2 bullfrogs
  2 scorpions
  A gnoll sergeant (D:6)
  A necrophage (D:5)
  4 wights (D:7)
  Dowan (D:6)
  2 hounds (D:5)
  2 jellies (D:6)
  4 orc priests
  A gnoll bouda (D:8)
  3 iguanas
  2 orc wizards
  8 adders
  10 gnolls
  A shadow imp (D:6)
  A worm (D:2)
  2 dart slugs
  22 orcs
  2 bats (D:2)
  3 endoplasms
  A giant cockroach (D:1)
  7 goblins
  2 hobgoblins
  4 jackals (D:1)
  10 kobolds
  2 quokkas
  8 ball pythons
  6 frilled lizards
  6 rats
129 creatures vanquished.

Vanquished Creatures (others)
  3 withered plants (D:1)
3 creatures vanquished.

Grand Total: 132 creatures vanquished

Notes
Turn   | Place    | Note
-------+----------+-------------------------------------------
     0 | D:1      | bande the Gargoyle Fighter began the quest for the Orb.
     0 | D:1      | Reached XP level 1. HP: 14/14 MP: 1/1
   176 | D:1      | Reached XP level 2. HP: 6/19 MP: 2/2
   722 | D:1      | Found a faded altar of an unknown god.
   782 | D:1      | Reached skill level 2 in Axes
  1115 | D:2      | Reached XP level 3. HP: 22/23 MP: 3/3
  1597 | D:2      | Reached XP level 4. HP: 27/28 MP: 4/4
  1766 | D:2      | Reached skill level 3 in Axes
  2132 | D:3      | Identified a scroll of acquirement
  2132 | D:3      | Acquired the ring "Cocwof" {Str+6 Slay+5}
  2667 | D:4      | Reached XP level 5. HP: 19/33 MP: 5/5
  2855 | D:4      | Noticed an ogre
  2861 | D:4      | Killed an ogre
  3230 | D:4      | Found a staircase to the Ecumenical Temple.
  3237 | Temple   | Entered the Ecumenical Temple
  3243 | Temple   | Became a worshipper of Warmaster Okawaru
  3646 | D:5      | Entered Level 5 of the Dungeon
  3658 | D:5      | Reached skill level 4 in Axes
  3729 | D:5      | Reached XP level 6. HP: 38/38 MP: 6/6
  3740 | D:5      | Reached skill level 1 in Invocations
  3973 | D:5      | Noticed a black bear
  3981 | D:5      | Killed a black bear
  3981 | D:5      | Reached * piety under Okawaru
  3982 | D:5      | Reached XP level 7. HP: 41/44 MP: 8/8
  4096 | D:5      | Reached skill level 5 in Axes
  4096 | D:5      | Reached skill level 5 in Armour
  4104 | D:5      | Reached ** piety under Okawaru
  4476 | D:6      | Reached XP level 8. HP: 24/48 MP: 10/10
  4890 | D:6      | Noticed Dowan
  4986 | D:6      | Reached skill level 6 in Axes
  5144 | D:6      | Noticed Duvessa
  5150 | D:6      | Killed Duvessa
  5159 | D:6      | Killed Dowan
  5159 | D:6      | Reached *** piety under Okawaru
  5641 | D:6      | Reached skill level 5 in Fighting
  5874 | D:6      | Found a hazy altar of Hepliaklqana.
  5972 | D:7      | Got Vehumet's Secrets of Hurting
  5987 | D:7      | Found a sacrificial altar of Ru.
  6287 | D:7      | Reached skill level 5 in Shields
  6876 | D:7      | Reached skill level 7 in Axes
  6876 | D:7      | Reached XP level 9. HP: 54/54 MP: 12/12
  7530 | D:8      | Reached skill level 1 in Evocations
  7551 | D:8      | Noticed a hornet
  7567 | D:8      | Killed a hornet
  7633 | D:8      | Noticed a two-headed ogre
  7640 | D:8      | Slain by a two-headed ogre

Illustrated notes

Levels and vault maps discovered:
D:1:      matt_arrival_grand_opening, layout_rooms,
          shapermc_ecumenical_altar_gd, serial_park_tiny_1,
          minmay_indecisive_spiral
D:2:      layout_rooms, nicolae_concentric_dashed_squares_mild
D:3:      cheibrodos_old_hovel, layout_loops_ring
D:4:      layout_basic, minmay_temple_entry_gardened_gates,
          lemuel_another_geyser
D:5:      layout_rooms
D:6:      layout_cave_pools, worldfamousw_hep_ancestral_shrine, uniq_duvessa
D:7:      nicolae_cairo_tiling, layout_gridville,
          nicolae_overflow_crystal_walls, grunt_decor_arrowhead
D:8:      layout_loops_ring, amcnicky_altar_gilded
Temple:   dpeg_three_leaves_temple

Skill      XL: |  1  2  3  4  5  6  7  8  9 |
---------------+----------------------------+-----
Axes           | 2 3 4 5 7 |  7.4
Armour         | 4 5 6 |  6.5
Shields        | 4 5 |  5.2
Fighting       | 4 5 |  5.5
Invocations    | 1 2 4 |  4.8
Evocations     | 1 |  1.3

Action                   |  1- 3 |  4- 6 |  7- 9 || total
-------------------------+-------+-------+-------++-------
Melee: War axe           |   118 |    86 |   144 ||   348
  Use: Scroll            |    10 |     4 |     7 ||    21
       Potion            |       |     1 |       ||     1
Armor: Scale mail        |    73 |    51 |     7 ||   131
       Chain mail        |       |       |    81 ||    81
Dodge: Dodged            |    53 |    42 |    57 ||   152
Block: Buckler           |    34 |    17 |    53 ||   104

Table legend: (Time is in decaauts)
 A = Elapsed time spent in this place.
 B = Non-inter-level travel time spent in this place.
 C = Inter-level travel time spent in this place.
 D = Time resting spent in this place.
 E = Time spent auto-exploring this place.
 F = Levels seen in this place.
 G = Mean time per level.
                   A        B        C        D        E       F      G
               +--------+--------+--------+--------+--------+-----+--------+
         Total |   7755 |   7620 |    135 |   2139 |   4243 |   9 |  861.7 |
       Dungeon |   7741 |   7606 |    135 |   2139 |   4243 |   8 |  967.6 |
        Temple |     14 |     14 |      0 |      0 |      0 |   1 |   14.0 |
               +--------+--------+--------+--------+--------+-----+--------+

Top non-repeatable levels by time:
     D:7: 1576 daAuts
     D:6: 1452 daAuts
     D:4: 1228 daAuts
     D:1: 1140 daAuts
     D:5: 845 daAuts
     D:2: 705 daAuts
     D:3: 627 daAuts
     D:8: 165 daAuts
  Temple: 14 daAuts
